 Dungeon Crawl Stone Soup version 0.16-a0-791-gf1c67de (webtiles) character file.

11 RobertPalmer the Ruffian (level 2, 0/27 HPs)
             Began as an Ogre Transmuter on Sept 28, 2014.
             Slain by a hobgoblin
             ... wielding a +0 club
              (6 damage)
             ... on Level 1 of the Dungeon.
             The game lasted 00:01:22 (548 turns).

RobertPalmer the Ruffian (Ogre Transmuter)           Turns: 548, Time: 00:01:22

HP   0/27        AC -2     Str 14      XL: 2   Next: 29%
MP  13/14        EV 10     Int 17      God:
Gold 22          SH  0     Dex 10      Spells:  1 memorised,  4 levels left

rFire  . . .     SeeInvis .       - Unarmed
rCold  . . .     Clarity  .     c - +0 robe
rNeg   . . .     rCorr    .     (shield restricted)
rPois  .         rRot     .     (helmet restricted)
rElec  .         Spirit   .     (no cloak)
SustAb .         Warding  .     (gloves unavailable)
rMut   .         Stasis   .     (boots unavailable)
Gourm  .                        (no amulet)
MR     .....                    e - cursed -5 ring of protection
                                l - cursed ring of magical power

@: brilliant, appendage, flying, not resistant to hostile enchantments, very
unstealthy
A: unfitting armour, talons 3, tough skin 1
a: End Transformation


You were on level 1 of the Dungeon.
You were not hungry.
You had grown temporary talons.
You visited 1 branch of the dungeon, and saw 1 of its levels.

You collected 22 gold pieces.


Innate Abilities, Weirdness & Mutations

You are too large for most types of armour.
You have tough skin (AC +1).
You have claws for feet.


   Skills:
 - Level 1.3 Fighting
 - Level 1.7 Dodging
 - Level 2.6 Unarmed Combat
 - Level 2.4 Spellcasting
 + Level 2.1 Transmutations


You had 4 spell levels left.
You knew the following spells:

 Your Spells              Type           Power        Failure   Level  Hunger
z - Beastly Appendage     Trmt           ###...       1%          1    #......

Inventory:

Hand weapons
 i - a +0 club
Missiles
 b - 12 arrows
 m - 11 arrows of frost
Armour
 c - a +0 robe (worn)
Comestibles
 a - a meat ration
 f - 2 bread rations
 g - a beef jerky
 k - 4 fruits
Jewellery
 e - a cursed -5 ring of protection (right hand)
 h - an uncursed ring of ice
 l - a cursed ring of magical power (left hand)
Books
 d - a book of Changes

Dungeon Overview and Level Annotations

Branches:
Dungeon (1/15)

Altars:

### ##### ### ####.####
#.#.###.#
#.......#####.#.....#
####.#.K.g@.......#.#
#.#..#####..####.#
#######g#..#...#.......#
#.K.g..K#..#.#.##.######
#.#######..#.#.##(# #.#
#..#......# ####.###
#..###.#### .......#
#..#...# .......#
#..#.###


You could see a hobgoblin and a kobold.


Message History

You completely miss the giant cockroach.
The giant cockroach bites you.
* * * LOW HITPOINT WARNING * * *
You closely miss the giant cockroach.
The giant cockroach waves its antennae.
The giant cockroach closely misses you.
Drink which item? (? for menu, Esc to quit)
You feel very buoyant.
You fly up into the air.
It was a potion of flight.
The giant cockroach barely misses you.
Drink which item? (? for menu, Esc to quit)
You feel clever all of a sudden.
It was a potion of brilliance.
The giant cockroach closely misses you.
The giant cockroach completely misses you.
Okay, then.
The giant cockroach closely misses you.
Your horns disappear.
Your feet morph into talons.
The giant cockroach bites you.
* * * LOW HITPOINT WARNING * * *
You closely miss the giant cockroach. The giant cockroach barely misses you.
You closely miss the giant cockroach. The giant cockroach closely misses you.
You hit the giant cockroach.
The giant cockroach is severely wounded.
The giant cockroach barely misses you. The giant cockroach closely misses you.
You hit the giant cockroach.
You kill the giant cockroach!
You closely miss the hobgoblin.
You punch the hobgoblin, but do no damage.
The hobgoblin hits you with a club.
You die...

Action                   || total
-------------------------++-------
Melee: Unarmed           ||    63
 Cast: Beastly Appendage ||     7
  Use: Potion            ||     2
       Scroll            ||     1

Vault maps used:
D:1:      roderic_chinese_lattice_arrival

Notes
Turn   | Place    | Note
--------------------------------------------------------------
     0 | D:1      | RobertPalmer, the Ogre Transmuter, began the quest for the Orb.
     0 | D:1      | Reached XP level 1. HP: 19/19 MP: 3/3
   130 | D:1      | Reached XP level 2. HP: 25/27 MP: 5/5
   235 | D:1      | Reached skill level 2 in Transmutations
   548 | D:1      | Slain by a hobgoblin

Vanquished Creatures
  A ball python (D:1)
  A bat (D:1)
  3 goblins (D:1)
  2 hobgoblins (D:1)
  A giant cockroach (D:1)
  A giant newt (D:1)
  3 rats (D:1)
12 creatures vanquished.
